 Dungeon Crawl Stone Soup version 0.31-a0-204-g7da18cac08 (webtiles) character file.

Game seed: 5929119079448831499

37 qw the Shooter (level 3, 0/20 HPs)
             Began as a Deep Elf Hunter on June 27, 2023.
             Slain by a hobgoblin (4 damage)
             ... on level 2 of the Dungeon.
             The game lasted 00:00:19 (942 turns).

qw the Shooter (Deep Elf Hunter)                     Turns: 942, Time: 00:00:20

Health: 0/20       AC:  5    Str: 10    XL:     3   Next: 21%
Magic:  5/5        EV: 11    Int: 13    God:
Gold:   76         SH:  0    Dex: 18    Spells: 2/2 levels left

rFire   . . .        a - +0 shortbow
rCold   . . .        (shield currently unavailable)
rNeg    . . .        d - +0 ring mail
rPois   .            (no helmet)
rElec   .            (no cloak)
rCorr   .            (no gloves)
SInv    .            (no boots)
Will    .....        (no amulet)
Stlth   +            (no ring)
HPRegen 0.23/turn    (no ring)
MPRegen 0.09/turn

%: no passive effects
@: no status effects
A: no striking features
a: no special abilities


You were on level 2 of the Dungeon.
You visited 1 branch of the dungeon, and saw 2 of its levels.

You collected 76 gold pieces.


   Skills:
 - Level 1.5 Fighting
 + Level 6.8 Ranged Weapons
 - Level 2.4 Dodging
 - Level 1.2 Stealth


You had 2 spell levels left.
You didn't know any spells.
Your spell library was empty.

Inventory:

Hand Weapons
 a - a +0 shortbow (weapon)
Armour
 d - a +0 ring mail (worn)
Scrolls
 b - a scroll of enchant armour {unknown}
Potions
 e - a potion of degeneration {unknown}
 f - a potion of enlightenment {unknown}

Dungeon Overview and Level Annotations

Branches:
Dungeon (2/15)

Altars:

Annotations:
D:2 Terence


Message History

Enter note:
Enter note: You shoot an arrow.
The arrow barely misses the hobgoblin.
You shoot an arrow. The arrow hits the hobgoblin.
You kill the hobgoblin!
Terence the Incautious comes into view.
He is wielding a +0 hand axe.
Enter note:
Enter note: You shoot an arrow.
The arrow hits Terence.
Terence shouts!
Terence is lightly wounded.
A hobgoblin comes into view.
You shoot an arrow. The arrow barely misses Terence.
The hobgoblin shouts!
A ball python comes into view.
A rat comes into view.
The ball python moves out of view.
You shoot an arrow. The arrow hits Terence.
Terence is lightly wounded.
You shoot an arrow. The ball python hisses angrily.
The arrow hits Terence but does no damage.
Terence is lightly wounded.
You shoot an arrow.
The arrow hits Terence but does no damage.
Terence is lightly wounded.
You shoot an arrow.
The arrow hits Terence but does no damage.
Terence is lightly wounded.
Terence hits you with a +0 hand axe!
You shoot an arrow. The arrow hits Terence.
Terence is heavily wounded.
The hobgoblin closely misses you. Terence hits you with a +0 hand axe.
You shoot an arrow.
The arrow hits Terence but does no damage.
Terence is heavily wounded.
Terence hits you with a +0 hand axe! The hobgoblin completely misses you.
You shoot an arrow. The arrow hits Terence.
Terence is heavily wounded.
Terence barely misses you. The hobgoblin hits you.
You die...

#(......# #.....%.#
#....)..# ##.....##
.# #.......#
...#.......######..
..................
.##.....#######..
##@@.## .....rgS.#
........>#
........)#
.........#
..<....[.#
.........#
.........#


You could see Terence, a hobgoblin, a ball python and a rat.

Vanquished Creatures
  2 dart slugs (D:1)
  4 ball pythons
  An endoplasm (D:2)
  2 goblins (D:2)
  5 hobgoblins
  2 jackals (D:1)
  4 kobolds (D:1)
  2 bats
  2 frilled lizards (D:1)
  4 rats (D:1)
28 creatures vanquished.

Notes
Turn   | Place    | Note
-------+----------+-------------------------------------------
     0 | D:1      | qw the Deep Elf Hunter began the quest for the Orb.
     0 | D:1      | Reached XP level 1. HP: 12/12 MP: 3/3
     0 | D:1      | 0 ||| qw: Version: 0.3-a-22-g0ed2b0b
     0 | D:1      | 0 ||| qw: Game counter: 6589
     0 | D:1      | 0 ||| qw: Melee chars always use a shield: true
     0 | D:1      | 0 ||| qw: God list: Okawaru
     0 | D:1      | 0 ||| qw: Allow faded altars: false
     0 | D:1      | 0 ||| qw: Do Orc after clearing Dungeon:15 true
     0 | D:1      | 0 ||| qw: Do second Lair branch before Depths: true
     0 | D:1      | 0 ||| qw: Lair rune preference: random
     0 | D:1      | 0 ||| qw: Goals: Normal
     0 | D:1      | 0 ||| PLANNING D:1-11
   281 | D:1      | Reached XP level 2. HP: 14/16 MP: 4/4
   299 | D:1      | Reached skill level 6 in Ranged Weapons
   794 | D:1      | 794 ||| UPGRADING to +0 ring mail.
   804 | D:1      | 804 ||| DROPPING +0 leather armour.
   805 | D:1      | 805 ||| DROPPING scroll of butterflies.
   868 | D:2      | Reached XP level 3. HP: 20/20 MP: 5/5
   933 | D:2      | Noticed Terence
   941 | D:2      | HP: 3/20 [Terence/+0 hand axe (7)]
   942 | D:2      | Slain by a hobgoblin

Levels and vault maps discovered:
D:1:      ldierk_walled_garden, layout_basic, st_stairs_1, minmay_tetromino_i2
D:2:      layout_rooms, uniq_terence

Skill      XL: |  1  2 |
---------------+-------+-----
Ranged Weapons | 6 |  6.8
Fighting       | |  1.5
Dodging        | |  2.4
Stealth        | |  1.2

Action                     || total
---------------------------++-------
   Fire: Shortbow          ||    81
 Armour: Leather armour    ||     5
         Ring mail         ||     1
  Dodge: Dodged            ||    15

Table legend:
 A = Non-vault XP
 B = Vault XP
 C = Vault XP percentage of total XP
 D = Non-vault monster count
 E = Vault monster count
 F = Vault count percentage of total count
                 A         B        C        D         E       F
            +---------+---------+-------+---------+---------+-------
      Total |      49 |       4 |   7.5 |      25 |       3 |  10.7
            +---------+---------+-------+---------+---------+-------
        D:1 |      29 |       4 |  12.1 |      15 |       3 |  16.7
        D:2 |      20 |       0 |   0.0 |      10 |       0 |   0.0
            +---------+---------+-------+---------+---------+-------
